 Dungeon Crawl Stone Soup version 0.19-a0-212-gd839b17 (webtiles) character file.

33 AlphabetPasta the Ducker (level 3, -5/17 HPs)
             Began as a Spriggan Summoner on May 24, 2016.
             Slain by a gnoll
             ... wielding a +0 halberd
              (11 damage)
             ... on level 2 of the Dungeon.
             The game lasted 00:05:35 (1514 turns).

AlphabetPasta the Ducker (Spriggan Summoner)        Turns: 1514, Time: 00:05:36

Health: -5/17      AC:  2    Str:  4    XL:     3   Next: 12%
Magic:  0/8        EV: 19    Int: 17    God:
Gold:   80         SH:  0    Dex: 16    Spells: 2 memorised, 4 levels left

rFire  . . .     SeeInvis +     (weapon restricted)
rCold  . . .     Gourm    .     a - +0 robe
rNeg   . . .     Faith    .     (shield restricted)
rPois  .         Spirit   .     (helmet restricted)
rElec  .         Dismiss  .     (no cloak)
rCorr  .         Reflect  .     (gloves unavailable)
SustAt .         Harm     .     (boots unavailable)
MR     .....                    (no amulet)
Stlth  +++.......               (no ring)
                                (no ring)

@: very quick, not resistant to hostile enchantments, fairly stealthy
A: unfitting armour, see invisible, herbivore 3, speed 3, slow metabolism 2
a: no special abilities


You were on level 2 of the Dungeon.
You were not hungry.

You visited 1 branch of the dungeon, and saw 2 of its levels.

You collected 80 gold pieces.

Inventory:

Armour
 a - a +0 robe (worn)
Scrolls
 e - 2 scrolls of enchant weapon {unknown}
 f - a scroll of random uselessness {unknown}
 h - a scroll of noise {unknown}
Potions
 d - 2 potions of haste {unknown}
 g - a potion of curing {unknown}
Books
 b - a book of Callings

   Spells                             Type                      Level
   a - Summon Small Mammal            Summoning                    1
   b - Call Imp                       Summoning                    2
   c - Call Canine Familiar           Summoning                    3
   d - Summon Guardian Golem          Hexes/Summoning              3
   e - Summon Lightning Spire         Summoning/Air                4
   f - Summon Ice Beast               Ice/Summoning                4
Comestibles
 c - a bread ration


   Skills:
 + Level 0.5 Fighting
 + Level 4.0 Dodging
 + Level 3.6 Stealth
 + Level 2.9 Spellcasting
 + Level 3.4 Summonings


You had 4 spell levels left.
You knew the following spells:

 Your Spells              Type           Power        Failure   Level  Hunger
a - Summon Small Mammal   Summ           ##..         4%          1    None
b - Call Imp              Summ           ##......     10%         2    ##.....


Dungeon Overview and Level Annotations

Branches:
Dungeon (2/15)

Altars:


Innate Abilities, Weirdness & Mutations

You are tiny and cannot use many weapons and most armour.
You have supernaturally acute eyesight. (SInv)
You are a herbivore.
You cover ground extremely quickly.
You need consume almost no food.


Message History

r - Retreat! s - Stop attacking. w - Wait here. f - Follow me.
Anything else - Stay silent.
Gang up on whom?
Press: ? - help, Dir - move target cursor, f - gnoll
Aim: a gnoll, wielding a halberd Attack!
The bat closely misses you. The gnoll closely misses you.
Your crimson imp hits the gnoll.
The bat closely misses your crimson imp.
The gnoll closely misses your crimson imp.
Casting: Call Imp
Confirm with . or Enter, or press ? or * to list all spells.
The bat barely misses you.
Your crimson imp hits the gnoll. x2
The bat closely misses you.
Your crimson imp closely misses the gnoll.
The bat misses you.
Your crimson imp hits the gnoll.
You closely miss the bat. The bat misses you.
Your crimson imp hits the gnoll.
The gnoll hits you from afar with a halberd!
Ouch! That really hurt!
You die...

......#.###+#'###
....>...# #.#
........###+#'######
......#............#
...(..#)...........#
...g..#)5..........#
..... #g5(.........#
g..## #br(##.##....#
#@####.# ##..# ###
... #.# .... ## ....
...


You could see a gnoll, a bat, 2 friendly crimson imps and a friendly rat.

Vanquished Creatures
  A dart slug (D:1)
  A ball python (D:1)
  A hobgoblin (D:1)
  2 bats (D:1)
  A giant newt (D:1)
  2 rats (D:1)
8 creatures vanquished.

Vanquished Creatures (collateral kills)
  3 gnolls (D:2)
  A dart slug (D:1)
  3 goblins
  3 hobgoblins (D:1)
  A quokka (D:1)
  A kobold (D:1)
  A rat (D:1)
13 creatures vanquished.

Grand Total: 21 creatures vanquished

Notes
Turn   | Place    | Note
--------------------------------------------------------------
     0 | D:1      | AlphabetPasta the Spriggan Summoner began the quest for the Orb.
     0 | D:1      | Reached XP level 1. HP: 9/9 MP: 5/5
   474 | D:1      | Reached XP level 2. HP: 7/13 MP: 6/6
   478 | D:1      | Learned a level 2 spell: Call Imp
  1140 | D:2      | Reached skill level 4 in Dodging
  1505 | D:2      | Reached XP level 3. HP: 15/17 MP: 0/8
  1514 | D:2      | Slain by a gnoll

Vault maps used:
D:1:      minmay_arrival_semitransparent
D:2:      old_standard_altar, tgw_trog, zin_statuary, elyvilon_altar_1

Skill      XL: |  1  2 |
---------------+-------+-----
Dodging        | 4 |  4.0
Fighting       | |  0.5
Stealth        | |  3.6
Spellcasting   | |  2.9
Summonings     | |  3.4

Action                   || total
-------------------------++-------
Melee: Unarmed           ||    88
 Cast: Summon Small Mamm ||    15
       Call Imp          ||     8
 Stab: Sleeping          ||     4
Armor: Robe              ||     9
Dodge: Dodged            ||    92
